 Dungeon Crawl Stone Soup version 0.29-a0-359-g541a27f54d (webtiles) character file.

Game seed: 11799461240035248058

96 purpskrrrp the Skirmisher (level 4, -3/26 HPs)
             Began as a Gargoyle Berserker on Apr 27, 2022.
             Was an Initiate of Ru.
             Slain by an iguana (5 damage)
             ... on level 3 of the Dungeon.
             The game lasted 00:18:37 (2986 turns).

purpskrrrp the Skirmisher (Gargoyle Berserker)      Turns: 2986, Time: 00:18:40

Health: -3/26      AC: 14    Str: 22    XL:     4   Next: 67%
Magic:  13/13      EV:  6    Int:  8    God:    Ru [......]
Gold:   163        SH:  0    Dex:  9    Spells: 2/3 levels left

rFire   . . .      SeeInvis .   a - +0 mace
rCold   . . .      Faith    .   (no shield)
rNeg    + . .      Spirit   .   b - +0 plate armour
rPois   ∞          Reflect  .   (no helmet)
rElec   +          Harm     .   (no cloak)
rCorr   .          Rampage  .   (no gloves)
Will    .....                   (no boots)
Stlth   ..........              (no amulet)
HPRegen 0.08/turn               g - ring of magical power
MPRegen 0.13/turn               (no ring)

@: no status effects
A: sickness immunity, AC +3, negative energy resistance 1, electricity
resistance, torment resistance 1, petrification resistance, frail 1
a: Renounce Religion, Sacrifice Purity, Sacrifice Skill, Sacrifice Love, Reject
Sacrifices


You were on level 3 of the Dungeon.
You worshipped Ru.
Ru was noncommittal.
You visited 1 branch of the dungeon, and saw 3 of its levels.

You collected 163 gold pieces.

Inventory:

Hand Weapons
 a - a +0 mace (weapon)
Missiles
 h - 80 stones (quivered)
Armour
 b - a +0 plate armour (worn)
 e - a +0 ring mail
Jewellery
 g - a ring of magical power (left hand)
Scrolls
 c - a scroll of immolation
Potions
 f - a potion of magic
 i - a potion of might


   Skills:
 + Level 4.2 Fighting
 + Level 4.1 Maces & Flails
 + Level 2.8 Armour
 + Level 1.9 Dodging
 + Level 0.2 Stealth


You had 2 spell levels left.
You knew the following spells:

 Your Spells              Type           Power      Damage    Failure   Level
a - Freeze                Ice            0%         1d3       100%        1

Your spell library contained the following spells:

 Spells                   Type           Power      Damage    Failure   Level
 Frozen Ramparts          Ice            0%         1d2       100%        3
 Hailstorm                Conj/Ice       0%         3d3       100%        4


Dungeon Overview and Level Annotations

Branches:
Dungeon (3/15)

Altars:
Ru


Innate Abilities, Weirdness & Mutations

You are immune to sickness and miasma.
Your stone body is resilient. (AC +3)
You are immune to poison.
You resist negative energy. (rN+)
You are resistant to electric shocks. (rElec)
You are resistant to unholy torment.
You are immune to petrification.
You are frail. (-10% HP)


Message History

The worm is heavily wounded.
The worm bites you!
* * * LOW HITPOINT WARNING * * *
The iguana barely misses you.
You hit the worm but do no damage.
The worm is heavily wounded.
The iguana bites you but does no damage.
The worm bites you but does no damage.
You hit the worm but do no damage.
The worm is heavily wounded.
The iguana bites you.
* * * LOW HITPOINT WARNING * * *
The worm bites you but does no damage.
You feel better. The iguana barely misses you.
The iguana attacks as you move away!
The iguana bites you but does no damage.
You hit the iguana.
The iguana is lightly wounded.
The iguana barely misses you.
You hit the iguana but do no damage.
The iguana is lightly wounded.
The iguana bites you.
You hit the iguana.
The iguana is moderately wounded.
The iguana bites you but does no damage. x2
You hit the iguana.
The iguana is severely wounded.
The iguana bites you.
* * * LOW HITPOINT WARNING * * *
The iguana attacks as you move away!
The iguana bites you but does no damage.
The iguana attacks as you move away! The iguana bites you.
* * * LOW HITPOINT WARNING * * *
Read: 2 scrolls of immolation
Press: ? - help, Q - select action, (/) - cycle Dir - look around, f - activate Look: an iguana (severely wounded, susceptible)
As you read the scroll of immolation, it crumbles to dust.
The creatures around you are filled with an inner flame!
The iguana bites you.
You die...

# # ## ##.# #.#. .#.#
#.#. ...###.
...#....... #
#.........
#.#..########.#
..#.......wl@...#
.................#
..........######.#
#########.# #
#########'##
#..........#
#..........#####.
####................#
#..'...........####.#


You could see a worm (inner flame) and an iguana (inner flame).

Vanquished Creatures
  Jessica (D:2)
  3 adders
  2 worms (D:2)
  A dart slug (D:2)
  A ball python (D:1)
  3 endoplasms (D:2)
  3 giant cockroaches
  A goblin (D:2)
  4 hobgoblins
  2 quokkas (D:1)
  2 bats
  9 kobolds
  4 rats
36 creatures vanquished.

Notes
Turn   | Place    | Note
-------+----------+-------------------------------------------
     0 | D:1      | purpskrrrp the Gargoyle Berserker began the quest for the
                  | Orb.
     0 | D:1      | Reached XP level 1. HP: 14/14 MP: 1/1
   726 | D:1      | Reached XP level 2. HP: 19/19 MP: 2/2
   942 | D:1      | Found a faded altar of an unknown god.
   982 | D:1      | Prayed at the altar of an unknown god.
   982 | D:1      | Fell from the grace of Trog
   982 | D:1      | Became a worshipper of Ru the Awakened
  1784 | D:1      | You fall into a shaft and drop 1 floor!
  2113 | D:2      | Reached XP level 3. HP: 17/24 MP: 3/3
  2115 | D:2      | Learned a level 1 spell: Freeze
  2305 | D:2      | Noticed Jessica
  2333 | D:2      | Killed Jessica
  2334 | D:2      | Reached XP level 4. HP: 21/29 MP: 4/4
  2927 | D:3      | Gained mutation: You are frail. (-10% HP) [potion of
                  | mutation]
  2986 | D:3      | Slain by an iguana

Illustrated notes

Levels and vault maps discovered:
D:1:      dpeg_arrival_boxes_within_box, layout_basic,
          hellmonk_ecumenical_altar_blasted
D:2:      layout_rooms, minmay_misc_feat_ornament, chequers_serial_rivers_marsh,
          uniq_jessica
D:3:      minmay_evil_eye, layout_basic, kiku_gazebo_pond_becter,
          minmay_misc_feat_room

Skill      XL: |  1  2  3  4 |
---------------+-------------+-----
Fighting       | 4 |  4.2
Maces & Flails | 4 |  4.1
Armour         | |  2.8
Dodging        | |  1.9
Stealth        | |  0.2

Action                   |  1- 3 |  4- 6 || total
-------------------------+-------+-------++-------
Melee: Mace              |    73 |    40 ||   113
       Punch             |     1 |     1 ||     2
  Use: Potion            |     1 |     2 ||     3
       Scroll            |     3 |     4 ||     7
Armor: Animal skin       |    23 |       ||    23
       Ring mail         |    13 |    12 ||    25
       Plate armour      |       |    13 ||    13
Dodge: Dodged            |    42 |    19 ||    61

Table legend: (Time is in decaauts)
 A = Elapsed time spent in this place.
 B = Non-inter-level travel time spent in this place.
 C = Inter-level travel time spent in this place.
 D = Time resting spent in this place.
 E = Time spent auto-exploring this place.
 F = Levels seen in this place.
 G = Mean time per level.
                   A        B        C        D        E       F      G
               +--------+--------+--------+--------+--------+-----+--------+
         Total |   3011 |   2660 |    351 |    713 |   1171 |   3 | 1003.7 |
       Dungeon |   3011 |   2660 |    351 |    713 |   1171 |   3 | 1003.7 |
               +--------+--------+--------+--------+--------+-----+--------+

Top non-repeatable levels by time:
     D:1: 1792 daAuts
     D:2: 1024 daAuts
     D:3: 194 daAuts
